[Event "Titled Tuesday Blitz February 07 Early 2023"]
[White "Ansh M Shah"]
[Black "Morefield, Jason"]
[WhiteFideId "25033379"]
[BlackFideId "30920825"]
[WhiteElo "2171"]
[BlackElo "2167"]
[Result "0-1"]
[Round "04"]
[TimeControl "180+2"]
[Date "2023.02.07"]
[WhiteClock "0:00:09"]
[BlackClock "0:00:07"]

1. d4 Nf6 2. c4 e6 3. g3 d5 4. Bg2 dxc4 5. Nf3 c5 6. O-O Nc6 7. dxc5 Qxd1 8. Rxd1 Bxc5 9. Nbd2 c3 10. bxc3 O-O 11. Nb3 Be7 12. c4 Bd7 13. Nfd4 Rfc8 14. Nb5 Be8 15. Bb2 b6 16. Bxf6 Bxf6 17. Nd6 Bxa1 18. Nxc8 Rxc8 19. Rxa1 Ne5 20. c5 bxc5 21. Rc1 c4 22. Na5 Bb5 23. f4 Nd7 24. Kf2 Nb6 25. Ke3 Kf8 26. Kd4 Ke7 27. e4 f6 28. Bf1 h6 29. Rc3 g5 30. Bxc4 e5+ 31. fxe5 fxe5+ 32. Kd3 Nxc4 33. Nxc4 Kf6 34. Rc2 Kg6 35. Rc3 Kh5 36. h3 g4 37. h4 Kg6 38. Rc2 Kf6 39. Rf2+ Ke6 40. Rc2 Rc5 41. Rc3 Kd7 42. Rc2 Kc7 43. Rc3 a5 44. Rc2 a4 45. a3 Rc6 46. Rc3 Kd8 47. Rc2 Ke7 48. Rc3 Rf6 49. Kc2 Bxc4 50. Rxc4 Rf3 51. Rxa4 Rxg3 52. Ra6 Re3 53. Rxh6 Rxe4 54. Rg6 Kf7 55. Rg5 Kf6 56. Kb3 Rf4 57. a4 Rf3+ 58. Kc2 g3 59. a5 e4 60. a6 Ra3 61. a7 Rxa7 62. Rxg3 Kf5 63. Rg8 Kf4 64. Rf8+ Ke3 65. h5 Rh7 66. Rf5 Ke2 67. Kc3 e3 68. Kd4 Kd2 69. Rg5 e2 70. Rg2 Rxh5 71. Ke4 Kd1 72. Kf3 e1=N+ 73. Kg3 Nxg2 74. Kxg2 Rf5 75. Kg3 Ke2 76. Kg4 Rf3 77. Kh4 Ke3 78. Kg4 Ke4 79. Kg5 Rf4 80. Kg6 Rf5 81. Kg7 Kf4 82. Kh6 Kg4 83. Kg6 Rf4 84. Kg7 Kg5 85. Kh7 Rf7+ 86. Kg8 Kg6 0-1


[Site "https://www.chess.com"]

[Event "Titled Tuesday Blitz February 07 Early 2023"]
[White "Aradhya, Garg"]
[Black "Buchenau, Frank"]
[WhiteFideId "25006746"]
[BlackFideId "4604350"]
[WhiteElo "2284"]
[BlackElo "2222"]
[Result "1-0"]
[Round "04"]
[TimeControl "180+2"]
[Date "2023.02.07"]
[WhiteClock "0:01:33"]
[BlackClock "0:00:08"]

1. d4 e6 2. c4 Nf6 3. Nc3 Bb4 4. e3 O-O 5. Bd2 b6 6. Bd3 Bb7 7. Nf3 c5 8. O-O cxd4 9. exd4 d5 10. cxd5 Nxd5 11. Ne5 Nf6 12. Bg5 Be7 13. Re1 Nc6 14. Ba6 Qc8 15. Qf3 Na5 16. Bxb7 Qxb7 17. Qxb7 Nxb7 18. Nc6 Bd6 19. Bxf6 gxf6 20. d5 Rfe8 21. Rad1 Bf4 22. g3 Bh6 23. d6 Rf8 24. Nb5 Nd8 25. Ne7+ Kg7 26. Nc7 Rb8 27. Rd4 f5 28. g4 fxg4 29. Rxg4+ Kh8 30. Kh1 Bg7 31. Reg1 Be5 32. Rg8+ Rxg8 33. Rxg8# 1-0


[Site "https://www.chess.com"]

[Event "Titled Tuesday Blitz February 07 Early 2023"]
[White "Papasimakopoulos, Alexandros"]
[Black "Gatterer, Florian"]
[WhiteFideId "4244125"]
[BlackFideId "811688"]
[WhiteElo "2401"]
[BlackElo "2170"]
[Result "1/2-1/2"]
[Round "04"]
[TimeControl "180+2"]
[Date "2023.02.07"]
[WhiteClock "0:00:13"]
[BlackClock "0:00:18"]

1. d4 Nf6 2. c4 g6 3. Nc3 d5 4. Nf3 Bg7 5. Qb3 dxc4 6. Qxc4 Be6 7. Qb5+ Nc6 8. Qxb7 Bd7 9. Qb3 Rb8 10. Qd1 Bf5 11. a3 O-O 12. e3 e5 13. Nxe5 Nxe5 14. dxe5 Ne4 15. Nxe4 Bxe4 16. Qd4 Qxd4 17. exd4 c5 18. f3 Bd5 19. dxc5 Bxe5 20. Ba6 Bd4 21. Kd2 Bxc5 22. Re1 Rfd8 23. Kc3 Rb6 24. Bc4 Bxc4 25. Kxc4 Bd4 26. Rb1 Bf2 27. Rf1 Rc8+ 28. Kd3 Rd6+ 1/2-1/2


[Site "https://www.chess.com"]

[Event "Titled Tuesday Blitz February 07 Early 2023"]
[White "Melaugh, Shane"]
[Black "Bulmaga, Irina"]
[WhiteFideId "2509580"]
[BlackFideId "13903063"]
[WhiteElo "2115"]
[BlackElo "2422"]
[Result "1/2-1/2"]
[Round "04"]
[TimeControl "180+2"]
[Date "2023.02.07"]
[WhiteClock "0:00:04"]
[BlackClock "0:00:04"]

1. c4 Nf6 2. Nc3 g6 3. g3 Bg7 4. Bg2 e5 5. e3 d6 6. Nge2 h5 7. h3 Nc6 8. a3 a5 9. Rb1 Bf5 10. d3 Qc8 11. b4 axb4 12. axb4 O-O 13. b5 Nd8 14. h4 Bg4 15. O-O Bh3 16. e4 Bxg2 17. Kxg2 Ne6 18. Be3 Ng4 19. Qd2 Nd4 20. Nd5 Kh7 21. Nxd4 exd4 22. Bf4 Ra3 23. Ra1 Rxa1 24. Rxa1 c6 25. bxc6 bxc6 26. Nb4 Qd7 27. Ra6 Rc8 28. Qa2 Rc7 29. Qa4 Be5 30. Nxc6 Bxf4 31. gxf4 Nf6 32. f3 Ng4 33. Nxd4 Qe7 34. fxg4 Qxh4 35. Nf3 Qxg4+ 36. Kf2 Qxf4 37. Ra7 Rxa7 38. Qxa7 h4 39. Qe3 Qg4 40. Ng5+ Kg7 41. Nf3 Qg3+ 42. Ke2 h3 43. Qf2 Qg4 44. Qh2 Qh5 45. Qxd6 Qg4 46. Qe5+ f6 47. Qh2 g5 48. c5 Qc8 49. c6 Qxc6 50. Qxh3 Qc2+ 51. Ke3 Qc1+ 52. Nd2 Qe1+ 53. Kd4 Qxd2 54. Qd7+ Kg6 55. Qf5+ Kg7 56. Qd7+ Kg6 57. Qe8+ Kg7 58. Qe7+ Kg6 59. Qe8+ Kg7 60. Qd7+ 1/2-1/2


[Site "https://www.chess.com"]

[Event "Titled Tuesday Blitz February 07 Early 2023"]
[White "Jain Kashish Manoj"]
[Black "Sanchez, Robert"]
[WhiteFideId "35081098"]
[BlackFideId "2034360"]
[WhiteElo "2375"]
[BlackElo "1966"]
[Result "1-0"]
[Round "04"]
[TimeControl "180+2"]
[Date "2023.02.07"]
[WhiteClock "0:00:09"]
[BlackClock "0:00:09"]

1. Nf3 Nf6 2. Nc3 d5 3. e3 c5 4. g3 Nc6 5. d4 cxd4 6. exd4 Bf5 7. a3 e6 8. Bg2 h6 9. O-O Be7 10. Re1 O-O 11. Ne5 Rc8 12. Bf4 Qb6 13. Na4 Qb5 14. c3 Nxe5 15. Bxe5 Qc6 16. b4 Nd7 17. Bf4 Nb6 18. Nxb6 axb6 19. Bd2 b5 20. a4 Ra8 21. a5 Bf6 22. Qe2 b6 23. a6 Ra7 24. Bf1 e5 25. dxe5 Re8 26. Qxb5 Qxb5 27. Bxb5 Rxe5 28. Rxe5 Bxe5 29. Re1 Bf6 30. Re8+ Kh7 31. Be2 d4 32. cxd4 Bxd4 33. b5 Bh3 34. Bf1 Be6 35. Bg2 Bc4 36. Bc6 Rc7 37. Re4 1-0


[Site "https://www.chess.com"]

[Event "Titled Tuesday Blitz February 07 Early 2023"]
[White "Bowden, Karl"]
[Black "Souleidis, Georgios"]
[WhiteFideId "400548"]
[BlackFideId "4206827"]
[WhiteElo "2348"]
[BlackElo "2419"]
[Result "0-1"]
[Round "04"]
[TimeControl "180+2"]
[Date "2023.02.07"]
[WhiteClock "0:00:01"]
[BlackClock "0:00:14"]

1. e4 c5 2. c3 d5 3. exd5 Qxd5 4. d4 Nf6 5. Nf3 Bg4 6. Be2 e6 7. h3 Bh5 8. O-O Nc6 9. Be3 cxd4 10. cxd4 Be7 11. Nc3 Qd6 12. Qb3 O-O 13. Rfd1 Rfd8 14. Rac1 a6 15. a3 b5 16. g3 Na5 17. Qc2 Bg6 18. Bd3 Bxd3 19. Qxd3 Nc4 20. Bf4 Qb6 21. Qe2 Rac8 22. d5 Bc5 23. dxe6 Qxe6 24. Qxe6 fxe6 25. Rxd8+ Rxd8 26. Rc2 Nd5 27. Nxd5 Rxd5 28. Kg2 h6 29. h4 e5 30. Bc1 e4 31. Nd2 Nxd2 32. Bxd2 Kf7 33. Be3 Bxe3 34. fxe3 Rd3 35. Kf2 Rb3 36. Ke2 a5 37. Rc7+ Kf6 38. Rc2 h5 39. Kd2 g6 40. Rc6+ Kf5 41. Rc5+ Kg4 42. Rg5+ Kf3 43. Rxg6 Rxb2+ 44. Kc3 Rg2 45. Rg5 Kxe3 46. Rxh5 Rxg3 47. Rxb5 Kf2+ 48. Kd4 e3 49. h5 e2 50. Rb2 Kf1 0-1


[Site "https://www.chess.com"]

[Event "Titled Tuesday Blitz February 07 Early 2023"]
[White "Avalos Parra, Joao"]
[Black "Sanchez, Sebastian Felipe"]
[WhiteFideId "3402541"]
[BlackFideId "4403304"]
[WhiteElo "2185"]
[BlackElo "2427"]
[Result "1-0"]
[Round "04"]
[TimeControl "180+2"]
[Date "2023.02.07"]
[WhiteClock "0:00:48"]
[BlackClock "0:00:07"]

1. d4 Nf6 2. c4 e6 3. Nf3 d5 4. Nc3 Bb4 5. cxd5 exd5 6. Bg5 h6 7. Bh4 c5 8. e3 Nc6 9. Be2 g5 10. Bg3 Ne4 11. O-O Bxc3 12. bxc3 Nxc3 13. Qc2 Nxe2+ 14. Qxe2 cxd4 15. exd4+ Be6 16. Rab1 Qd7 17. Rfc1 O-O 18. h4 f6 19. Rxb7 Qxb7 20. Qxe6+ Rf7 21. Rxc6 Rf8 22. hxg5 hxg5 23. Rc1 Kg7 24. Bd6 Rd8 25. Bc5 Qb2 26. Qe3 Rg8 27. a3 Kh7 28. Re1 Qb7 29. Qd3+ Rg6 30. Re6 Kg7 31. Ne5 Rh6 32. Nxf7 Kxf7 33. Re7+ 1-0


[Site "https://www.chess.com"]

[Event "Titled Tuesday Blitz February 07 Early 2023"]
[White "Titichoca Daza, Daniel"]
[Black "Han, Yichen"]
[WhiteFideId "3309550"]
[BlackFideId "1054430"]
[WhiteElo "2180"]
[BlackElo "2413"]
[Result "0-1"]
[Round "04"]
[TimeControl "180+2"]
[Date "2023.02.07"]
[WhiteClock "0:00:48"]
[BlackClock "0:01:11"]

1. d4 g6 2. c4 Bg7 3. Nf3 c6 4. Nc3 d5 5. cxd5 cxd5 6. Bf4 Nc6 7. e3 Nf6 8. h3 O-O 9. Be2 Bf5 10. O-O Ne4 11. Qb3 Na5 12. Qa3 Rc8 13. Rac1 Nxc3 14. Rxc3 Rxc3 15. Qxc3 Nc6 16. Rc1 Qb6 17. a3 Rc8 18. b4 a6 19. Qc5 Qd8 20. Kh2 Nxd4 21. Nxd4 Rxc5 22. Rxc5 e5 23. Nxf5 gxf5 24. Bg3 Bf8 25. Rc1 Bd6 26. Rd1 f4 27. Rxd5 fxg3+ 28. fxg3 Qc7 29. e4 Kf8 30. Bf3 Ke7 31. h4 Qc3 32. Rc5 Bxc5 0-1


[Site "https://www.chess.com"]

[Event "Titled Tuesday Blitz February 07 Early 2023"]
[White "Demin, Vladimir"]
[Black "Balabayeva, Xeniya"]
[WhiteFideId "4167457"]
[BlackFideId "13719688"]
[WhiteElo "2430"]
[BlackElo "2191"]
[Result "0-1"]
[Round "04"]
[TimeControl "180+2"]
[Date "2023.02.07"]
[WhiteClock "0:00:03"]
[BlackClock "0:00:03"]

1. e4 c5 2. Nf3 Nc6 3. b4 cxb4 4. d4 d5 5. exd5 Qxd5 6. c4 bxc3 7. Nxc3 Qa5 8. d5 Qxc3+ 9. Bd2 Qc5 10. dxc6 Qxc6 11. Rc1 Qb6 12. Bc4 e6 13. O-O Nf6 14. Ne5 Bd6 15. Qa4+ Ke7 16. Be3 Qb4 17. Qd1 Bxe5 18. Bxe6 Kxe6 19. Bc5 Qh4 20. g3 Qh5 21. Qb3+ Kd7 22. Qb5+ Ke6 23. Rfe1 Qf3 24. Rxe5+ Kxe5 25. Re1+ Ne4 26. Bb6+ Ke6 27. Qc4+ Kf6 28. Bd4+ Kg6 29. Re3 Qd1+ 30. Kg2 Bf5 31. h4 Rhe8 32. h5+ Qxh5 33. Qb5 Ng5 34. Be5 Qh3+ 35. Kg1 Re6 36. f4 Rae8 37. fxg5 Rxe5 38. Rxe5 Qxg3+ 39. Kf1 Qxe5 0-1


[Site "https://www.chess.com"]

[Event "Titled Tuesday Blitz February 07 Early 2023"]
[White "Flores Quillas, Diego Saul Rodri"]
[Black "Jovic, Stanoje"]
[WhiteFideId "3822508"]
[BlackFideId "905020"]
[WhiteElo "2359"]
[BlackElo "2075"]
[Result "0-1"]
[Round "04"]
[TimeControl "180+2"]
[Date "2023.02.07"]
[WhiteClock "0:00:10"]
[BlackClock "0:00:10"]

1. e4 c6 2. d4 d5 3. Nc3 dxe4 4. Nxe4 Nf6 5. Nxf6+ exf6 6. c3 Bd6 7. Bd3 O-O 8. Qc2 h6 9. Ne2 Qc7 10. h3 c5 11. O-O c4 12. Be4 Nc6 13. Be3 b5 14. f4 Bb7 15. Ng3 Rfe8 16. Rae1 Re7 17. Nf5 Ree8 18. Bc1 a5 19. Rf3 b4 20. Rg3 g5 21. Nxh6+ Kf8 22. Rf3 Bxf4 23. Bxf4 gxf4 24. Qf2 a4 25. Rxf4 a3 26. Rxf6 Nd8 27. Bxb7 Rxe1+ 28. Qxe1 Qxb7 29. bxa3 b3 30. axb3 cxb3 31. Rf2 Rxa3 32. Qe5 Ra2 33. Qh8+ Ke7 34. Nf5+ Kd7 35. Qe5 Qc6 36. Qe7+ Kc8 37. Nd6+ Kb8 38. Qxd8+ Ka7 39. Rxf7+ Ka6 40. Qb8 Qxg2# 0-1


[Site "https://www.chess.com"]

[Event "Titled Tuesday Blitz February 07 Early 2023"]
[White "Melikhov, Evgeny V."]
[Black "Song, Julien"]
[WhiteFideId "4122046"]
[BlackFideId "659487"]
[WhiteElo "2269"]
[BlackElo "2350"]
[Result "0-1"]
[Round "04"]
[TimeControl "180+2"]
[Date "2023.02.07"]
[WhiteClock "0:00:15"]
[BlackClock "0:01:45"]

1. d4 Nf6 2. c4 e6 3. Nc3 d5 4. cxd5 exd5 5. Bg5 c6 6. Qc2 g6 7. e3 Be7 8. Bd3 Nbd7 9. Nf3 Nf8 10. O-O Ne6 11. Bxf6 Bxf6 12. b4 a6 13. a4 O-O 14. b5 c5 15. dxc5 Nxc5 16. Rad1 axb5 17. axb5 Ra3 18. Nb1 Rxd3 19. Qxc5 Rxd1 20. Rxd1 Be6 21. Nd4 Qc8 22. Rc1 Qxc5 23. Rxc5 Ra8 24. Nd2 Ra1+ 25. Nf1 Bxd4 26. exd4 Bf5 27. Rxd5 Bd3 28. h3 Rxf1+ 29. Kh2 Rxf2 30. Kg3 Rxg2+ 31. Kf3 Rb2 0-1


[Site "https://www.chess.com"]

[Event "Titled Tuesday Blitz February 07 Early 2023"]
[White "Kodinets, Konstantin L."]
[Black "Sputnik-11"]
[WhiteFideId "4122011"]
[WhiteElo "2409"]
[BlackElo "2381"]
[Result "1-0"]
[Round "04"]
[TimeControl "180+2"]
[Date "2023.02.07"]
[WhiteClock "0:00:52"]
[BlackClock "0:00:03"]

1. d4 Nf6 2. Nf3 e6 3. Bg5 c5 4. e3 b6 5. d5 d6 6. Nc3 Be7 7. Bb5+ Bd7 8. a4 O-O 9. Bxd7 Nbxd7 10. Bxf6 Nxf6 11. O-O a6 12. Re1 Nd7 13. e4 e5 14. Nd2 Rb8 15. Qe2 g6 16. Nc4 f5 17. f3 Nf6 18. Reb1 Nh5 19. g3 fxe4 20. fxe4 Qd7 21. Ne3 Qh3 22. Qg4 Qxg4 23. Nxg4 Kg7 24. Rf1 Rxf1+ 25. Kxf1 Rf8+ 26. Ke2 Nf6 27. Nxf6 Rxf6 28. Rb1 a5 29. Nb5 g5 30. Rf1 g4 31. Na3 Bd8 32. Nc4 Rxf1 33. Kxf1 Bc7 34. c3 Kf6 35. Kg2 h5 36. h3 Kg5 37. Ne3 Bd8 38. Nf5 Bc7 39. Ng7 Bb8 40. Ne6+ Kg6 41. Kh2 Kf6 42. hxg4 hxg4 43. Kg2 Kg6 44. Kf2 Kf6 45. Ke3 Ke7 46. Kd3 Kd7 47. Kc4 Ba7 48. Kb5 Kc8 49. Kc6 Bb8 50. Kxb6 1-0


[Site "https://www.chess.com"]

[Event "Titled Tuesday Blitz February 07 Early 2023"]
[White "Yaran, Siar"]
[Black "Nikologorsky, Matfei"]
[WhiteFideId "6323006"]
[BlackFideId "24102474"]
[WhiteElo "2288"]
[BlackElo "2182"]
[Result "1-0"]
[Round "04"]
[TimeControl "180+2"]
[Date "2023.02.07"]
[WhiteClock "0:01:24"]
[BlackClock "0:00:04"]

1. d4 Nf6 2. c4 e6 3. Nc3 Bb4 4. e3 d5 5. a3 Bxc3+ 6. bxc3 O-O 7. cxd5 exd5 8. Bd3 Re8 9. Ne2 Nbd7 10. O-O Ne4 11. f3 Nd6 12. Ng3 Nf6 13. Ra2 h5 14. Re2 h4 15. Nh1 Bd7 16. Nf2 Bb5 17. e4 dxe4 18. fxe4 Bxd3 19. Qxd3 Nh7 20. e5 Qe7 21. Re3 Nc8 22. Ne4 Nb6 23. Rh3 Rad8 24. Qf3 Nc4 25. g3 g5 26. gxh4 gxh4 27. Kh1 Kh8 28. Qh5 Rg8 29. Nf6 Rg7 30. Rxh4 Nxe5 31. Qxh7+ Rxh7 32. Rxh7# 1-0


[Site "https://www.chess.com"]

[Event "Titled Tuesday Blitz February 07 Early 2023"]
[White "Lymar, Vladislav"]
[Black "Mouhamad, Joachim"]
[WhiteFideId "14162180"]
[BlackFideId "656410"]
[WhiteElo "2119"]
[BlackElo "2238"]
[Result "1-0"]
[Round "04"]
[TimeControl "180+2"]
[Date "2023.02.07"]
[WhiteClock "0:00:04"]
[BlackClock "0:00:11"]

1. e4 c5 2. Nf3 Nc6 3. g3 g6 4. Bg2 Bg7 5. O-O d6 6. Nc3 e6 7. d3 Nge7 8. Nd2 O-O 9. f4 d5 10. Ne2 b5 11. g4 c4 12. Ng3 cxd3 13. cxd3 Bb7 14. f5 exf5 15. gxf5 f6 16. Nb3 Qb6+ 17. Kh1 Rfd8 18. Qe2 dxe4 19. dxe4 Ne5 20. Be3 Qd6 21. Rfd1 Qb8 22. Nc5 Rxd1+ 23. Rxd1 N7c6 24. Qxb5 Bc8 25. Qxb8 Rxb8 26. b3 Bf8 27. fxg6 hxg6 28. Ne2 Bg4 29. Rd2 Rb5 30. Na4 Rb4 31. Nec3 Nf3 32. Rf2 Nce5 33. Nd5 Kf7 34. Nxb4 Bxb4 35. Bxa7 Be1 36. Re2 Nd3 37. h3 Bh5 38. Bg1 Nfe5 39. Re3 Bd2 40. Rg3 Bf4 41. Rxd3 Nxd3 42. Nc5 Nc1 43. a4 Ne2 44. a5 Nxg1 45. a6 Bb8 46. Kxg1 Ba7 47. b4 Be2 48. Bf1 Bxf1 49. Kxf1 Ke7 50. Na4 Kd6 51. b5 Kc7 52. Ke2 Bd4 53. Kd3 Be5 54. b6+ Kc6 55. Kc4 f5 56. b7 f4 57. Nc5 f3 58. Nd3 Bg3 59. Kc3 Kb6 60. Kd2 Kxa6 61. Ke3 f2 62. Nxf2 Kxb7 63. Ng4 Kc7 64. Kf3 Be1 65. Nf6 g5 66. Kg4 Bd2 67. Nh7 Kd6 68. Nxg5 Ke7 69. Kf5 Kf8 70. e5 Kg7 71. e6 Kh6 72. e7 Bxg5 73. e8=Q Bf6 74. Qg6# 1-0


[Site "https://www.chess.com"]

[Event "Titled Tuesday Blitz February 07 Early 2023"]
[White "Cori T., Deysi"]
[Black "Kostiukov, Alexandr"]
[WhiteFideId "3801934"]
[BlackFideId "14108100"]
[WhiteElo "2362"]
[BlackElo "2271"]
[Result "1-0"]
[Round "04"]
[TimeControl "180+2"]
[Date "2023.02.07"]
[WhiteClock "0:00:06"]
[BlackClock "0:00:05"]

1. b3 Nf6 2. Bb2 g6 3. e4 Bg7 4. e5 Nd5 5. c4 Nf4 6. Qf3 Ne6 7. h4 h5 8. Nh3 d6 9. d4 dxe5 10. dxe5 Nc6 11. Qd5 Nxe5 12. Nc3 O-O 13. O-O-O Qe8 14. Be2 c6 15. Qa5 b6 16. Qa3 c5 17. Nd5 Bb7 18. f4 Nc6 19. f5 Ned4 20. Bd3 Rc8 21. Ng5 Ne5 22. Bxd4 cxd4 23. Nxe7+ Kh8 24. Nxc8 Nxd3+ 25. Rxd3 Bxc8 26. fxg6 fxg6 27. Qd6 Bf5 28. Rd2 Qe3 29. Rf1 Qc3+ 30. Kd1 Qa1+ 31. Ke2 d3+ 32. Kf2 Bd4+ 33. Kg3 Be5+ 34. Kf2 Qxf1+ 35. Kxf1 Bxd6 36. Rf2 Bg3 37. Rf3 d2 38. Ke2 Rd8 39. Nf7+ Kg7 40. Nxd8 Bg4 41. Kxd2 Bxh4 42. Rd3 Bg5+ 43. Kc3 Bf5 44. Rd1 Bf6+ 45. Kb4 Be7+ 46. Kb5 g5 47. Nc6 Bc5 48. Nxa7 h4 49. b4 Bf2 50. Rf1 Bd7+ 51. Ka6 Bg3 52. Kxb6 g4 53. c5 h3 54. gxh3 gxh3 55. c6 h2 56. cxd7 1-0


[Site "https://www.chess.com"]

[Event "Titled Tuesday Blitz February 07 Early 2023"]
[White "Rottenwohrer Suarez, Juan"]
[Black "Ambartsumova, Karina"]
[WhiteFideId "32068182"]
[BlackFideId "4166299"]
[WhiteElo "2265"]
[BlackElo "2393"]
[Result "0-1"]
[Round "04"]
[TimeControl "180+2"]
[Date "2023.02.07"]
[WhiteClock "0:00:06"]
[BlackClock "0:00:21"]

1. c4 e6 2. Nf3 d5 3. b3 Nf6 4. Bb2 Be7 5. g3 b6 6. Bg2 Bb7 7. O-O O-O 8. cxd5 exd5 9. Ne5 Nbd7 10. Nxd7 Qxd7 11. d3 c5 12. Nd2 d4 13. Nf3 Rad8 14. a3 a5 15. b4 axb4 16. axb4 Bxf3 17. Bxf3 cxb4 18. Qb3 Bc5 19. Ra6 Nd5 20. Rfa1 Nc3 21. Kg2 Qf5 22. Ra7 h5 23. h4 g6 24. Rb7 Rd7 25. Raa7 Rfd8 26. Bc1 Rxb7 27. Rxb7 Kg7 28. Bf4 Re8 29. Qb2 Qe6 30. Bd2 Nxe2 31. Bxb4 Qe5 32. Qd2 Nc3 33. Bxc5 bxc5 34. Qc2 Re7 35. Rb8 Qxb8 0-1


[Site "https://www.chess.com"]

[Event "Titled Tuesday Blitz February 07 Early 2023"]
[White "Sarkar, Justin"]
[Black "Poliakova, Varvara"]
[WhiteFideId "2010011"]
[BlackFideId "13518313"]
[WhiteElo "2309"]
[BlackElo "2010"]
[Result "0-1"]
[Round "04"]
[TimeControl "180+2"]
[Date "2023.02.07"]
[WhiteClock "0:00:01"]
[BlackClock "0:02:09"]

1. e4 e5 2. Nf3 Nc6 3. Bc4 Bc5 4. d3 Nf6 5. Bg5 h6 6. Bh4 d6 7. Nbd2 a6 8. a4 Ba7 9. c3 Be6 10. Bxe6 fxe6 11. Qb3 Qd7 12. Bxf6 gxf6 13. Qxb7 Rb8 14. Qxa6 Rxb2 15. O-O Rg8 16. Rfb1 Rxb1+ 17. Rxb1 Ke7 18. Nf1 f5 19. a5 Bc5 20. exf5 exf5 21. Qc4 Qe6 22. Qh4+ Qf6 23. Qxf6+ Kxf6 24. a6 Ra8 25. Ra1 Nb8 26. d4 Bb6 27. Ne3 Ke6 28. Nh4 f4 29. Nc4 Rxa6 30. Rxa6 Nxa6 31. dxe5 dxe5 32. Nxb6 cxb6 33. Kf1 Kd5 34. Ke2 Nc5 35. Nf3 Ne4 0-1


[Site "https://www.chess.com"]

[Event "Titled Tuesday Blitz February 07 Early 2023"]
[White "Kopczynski, Michal"]
[Black "Krzywda, Andrzej"]
[WhiteFideId "1124200"]
[BlackFideId "1114565"]
[WhiteElo "2225"]
[BlackElo "2223"]
[Result "1-0"]
[Round "04"]
[TimeControl "180+2"]
[Date "2023.02.07"]
[WhiteClock "0:00:32"]
[BlackClock "0:00:01"]

1. e4 c5 2. d4 cxd4 3. c3 Nf6 4. Bd3 dxc3 5. Nxc3 Nc6 6. f4 d6 7. Nf3 e6 8. O-O Be7 9. Kh1 O-O 10. Qe1 a6 11. Be3 b5 12. Rd1 Qc7 13. Qg3 Bb7 14. e5 Nh5 15. Qg4 g6 16. exd6 Bxd6 17. Ne4 Be7 18. Neg5 Nb4 19. Nxh7 Nd5 20. Bd4 Qxf4 21. Qxf4 Nhxf4 22. Nxf8 Rxf8 23. Be4 f5 24. Bc2 Rc8 25. Bb3 Bc5 26. Bxc5 Rxc5 27. Rc1 Rxc1 28. Rxc1 Ne3 29. Rc7 Be4 30. Kg1 Nexg2 31. Kf2 Kf8 32. Ng5 Nh4 33. Nxe4 fxe4 34. Kg3 1-0


[Site "https://www.chess.com"]

[Event "Titled Tuesday Blitz February 07 Early 2023"]
[White "Cella, Glaucio Dalla Cortt"]
[Black "Rosenberg, Evan S"]
[WhiteFideId "2119455"]
[BlackFideId "2019299"]
[WhiteElo "1894"]
[BlackElo "1956"]
[Result "0-1"]
[Round "04"]
[TimeControl "180+2"]
[Date "2023.02.07"]
[WhiteClock "0:00:22"]
[BlackClock "0:00:09"]

1. e4 e5 2. Nf3 Nc6 3. d4 exd4 4. Bc4 Nf6 5. e5 d5 6. Bb5 Nd7 7. O-O Be7 8. Bxc6 bxc6 9. Nxd4 Nb8 10. Nc3 O-O 11. Qf3 a5 12. Re1 Ra6 13. b3 c5 14. Nf5 Bxf5 15. Qxf5 Rg6 16. Bf4 Nc6 17. Bg3 Nd4 18. Qd3 c6 19. f4 Bh4 20. Ne2 Bxg3 21. Nxg3 Qh4 22. Rf1 Rg4 23. c3 Ne6 24. Nf5 Qh5 25. g3 g6 26. Nd6 Qh6 27. Qe2 Qh3 28. Qg2 Qxg2+ 29. Kxg2 f6 30. h3 Nxf4+ 31. Rxf4 Rxf4 32. gxf4 fxe5 33. fxe5 Rf4 34. Re1 Kf8 35. e6 Ke7 36. Nc8+ Ke8 37. e7 Rf6 38. Kg3 d4 39. cxd4 cxd4 40. Kg4 h6 41. h4 c5 42. Re5 Rc6 43. Na7 Rc7 44. Nb5 Rxe7 45. Rxc5 Re4+ 46. Kg3 Re2 47. a3 d3 48. Rd5 d2 49. Kf3 Rh2 50. Rxd2 Rxd2 51. Kg4 Rd3 0-1


[Site "https://www.chess.com"]

[Event "Titled Tuesday Blitz February 07 Early 2023"]
[White "Carrasco Miranda, Andres"]
[Black "Decuigniere, Tom"]
[WhiteFideId "3405990"]
[BlackFideId "26093820"]
[WhiteElo "2240"]
[BlackElo "2382"]
[Result "0-1"]
[Round "04"]
[TimeControl "180+2"]
[Date "2023.02.07"]
[WhiteClock "0:00:06"]
[BlackClock "0:00:06"]

1. d4 Nf6 2. c4 e6 3. g3 Bb4+ 4. Nd2 O-O 5. Bg2 d5 6. Nf3 dxc4 7. Qc2 Nc6 8. e3 a6 9. Qxc4 Bd6 10. O-O e5 11. Rd1 exd4 12. Nxd4 Nxd4 13. Qxd4 Qe7 14. Nc4 Bc5 15. Qe5 Be6 16. b3 c6 17. Bb2 Rfd8 18. Qg5 Rxd1+ 19. Rxd1 Rd8 20. Rxd8+ Qxd8 21. h3 Be7 22. Bd4 h6 23. Qa5 Bxc4 24. Qxd8+ Bxd8 25. bxc4 Kf8 26. e4 Nd7 27. f4 Bb6 28. Bxb6 Nxb6 29. Bf1 Ke7 30. Kf2 Kd6 31. Ke3 c5 32. e5+ Kc6 33. Bg2+ Kc7 34. Kd3 Nc8 35. Bd5 f6 36. e6 Ne7 37. Ke4 b5 38. g4 Kd6 39. f5 a5 40. Kd3 b4 41. Bf3 Nc8 42. Bd1 Nb6 43. h4 Nc8 44. Ba4 Ke5 45. Bd1 Kf4 46. Kc2 a4 47. Kd3 Ne7 48. Ke2 Kxg4 49. Ke3+ Kxf5 50. Bxa4 Kxe6 51. Kf4 g5+ 52. hxg5 hxg5+ 53. Kg4 Ng6 54. Bc2 Ne5+ 55. Kg3 Nxc4 56. Bb3 Kd5 57. Kg4 Kd4 58. Kf5 Na5 59. Be6 c4 60. Kxf6 c3 61. Bf5 g4 62. Kg5 g3 0-1


[Site "https://www.chess.com"]

[Event "Titled Tuesday Blitz February 07 Early 2023"]
[White "Nunez V, Gustavo Eduardo"]
[Black "Brilej, Jaka"]
[WhiteFideId "4403690"]
[BlackFideId "14618818"]
[WhiteElo "2212"]
[BlackElo "2321"]
[Result "0-1"]
[Round "04"]
[TimeControl "180+2"]
[Date "2023.02.07"]
[WhiteClock "0:00:03"]
[BlackClock "0:01:05"]

1. e4 d6 2. Nc3 Nf6 3. g3 c5 4. Bg2 Nc6 5. f4 g6 6. Nf3 Bg7 7. O-O O-O 8. d3 Rb8 9. h3 b5 10. Be3 b4 11. Ne2 a5 12. b3 a4 13. Rb1 axb3 14. axb3 Bb7 15. g4 Nd7 16. d4 e5 17. fxe5 cxd4 18. Nexd4 dxe5 19. Nb5 Ba6 20. Nd6 Bxf1 21. Bxf1 Nd4 22. Nxd4 exd4 23. Bxd4 Ne5 24. Bc5 Qc7 25. Qd5 Rfd8 26. Be2 Rbc8 27. Bxb4 Qb6+ 28. Kf1 Qxb4 29. Rd1 Rc6 30. c4 Rcxd6 31. Qb7 Rxd1+ 32. Bxd1 Rxd1+ 33. Ke2 Qe1# 0-1


[Site "https://www.chess.com"]

[Event "Titled Tuesday Blitz February 07 Early 2023"]
[White "Kumala, Aleksander"]
[Black "Mrudul Dehankar"]
[WhiteFideId "1141880"]
[BlackFideId "25096990"]
[WhiteElo "2165"]
[BlackElo "2030"]
[Result "1-0"]
[Round "04"]
[TimeControl "180+2"]
[Date "2023.02.07"]
[WhiteClock "0:00:13"]
[BlackClock "0:00:02"]

1. d4 Nf6 2. Bg5 c5 3. d5 Ne4 4. h4 Qb6 5. Nd2 Nxg5 6. hxg5 Qxb2 7. g6 fxg6 8. e3 e6 9. dxe6 d5 10. Bd3 Qf6 11. c4 Bxe6 12. cxd5 Bxd5 13. Ne4 Qb6 14. Rb1 Qa5+ 15. Kf1 c4 16. Bc2 Nc6 17. Qg4 Qxa2 18. Rxb7 Ne5 19. Qf4 Qa1+ 20. Rb1 Qa6 21. Qxe5+ Be6 22. Nc5 Bxc5 23. Qxc5 Kf7 24. Qc7+ Kf6 25. Ne2 Rac8 26. Qf4+ Ke7 27. Qd4 Kf7 28. Qf4+ Ke7 29. Rd1 c3 30. Qd4 Rcd8 31. Qxg7+ Bf7 32. Rxd8 Rxd8 33. g3 Rd2 34. Qe5+ Qe6 35. Qxe6+ Kxe6 36. Bb3+ Ke7 37. Bxf7 Rd1+ 38. Kg2 c2 39. Bb3 Rd2 40. Rc1 Rxe2 41. Bxc2 Rd2 42. Kf3 a5 43. Be4 a4 44. Rc7+ Kf6 45. Rxh7 a3 46. Ra7 a2 47. Bd5 Rxd5 48. Rxa2 Rf5+ 49. Kg2 Rd5 50. Ra6+ Kf7 51. Kf3 Rf5+ 52. Ke2 Rd5 53. g4 Rd8 54. f4 Rc8 55. Kf3 Re8 56. Ra7+ Kf6 57. g5+ Ke6 58. Ra6+ Kf7 59. Rf6+ Kg7 60. e4 Rc8 61. Ra6 Rc3+ 62. Kg4 Rc1 63. Ra7+ Kf8 64. f5 Rg1+ 65. Kf4 Rf1+ 66. Ke5 gxf5 67. exf5 Rb1 68. g6 Rb5+ 69. Kf6 Rb6+ 70. Kg5 Kg8 71. Ra8+ Kg7 72. f6+ Rxf6 73. Ra7+ 1-0


[Site "https://www.chess.com"]